 Dungeon Crawl Stone Soup version 0.31.0-32-g396128a36d (webtiles) character file.

Game seed: 2315258095752090557

134 mparten the Sneak (level 5, -2/29 HPs)
             Began as a Vine Stalker Delver on Mar 31, 2024.
             Slain by a gnoll
             ... wielding a +0 club
              (7 damage)
             ... on level 4 of the Dungeon.
             The game lasted 00:01:25 (441 turns).

mparten the Sneak (Vine Stalker Delver)              Turns: 441, Time: 00:01:26

Health: -2/29      AC:  3    Str: 11    XL:     5   Next: 17%
Magic:  0/6        EV: 12    Int: 12    God:
Gold:   0          SH:  0    Dex: 16    Spells: 4/4 levels left

rFire   . . .        h - +2 quarterstaff "Kuwosmot" {freeze, rN+++ Will- rCorr Str-3}
rCold   . . .        (shield currently unavailable)
rNeg    + + +        a - +0 leather armour
rPois   .            (no helmet)
rElec   .            (no cloak)
rCorr   +            (no gloves)
SInv    .            (no boots)
Will    .....        (no amulet)
Stlth   +++          (no ring)
HPRegen 1.04/turn    (no ring)
MPRegen 0.10/turn

%: guardian spirit
@: no status effects
A: fangs 2, regeneration 1, magic shield, antimagic bite, no potion heal 2
a: no special abilities


You were on level 4 of the Dungeon.
You visited 1 branch of the dungeon, and saw 2 of its levels.

Inventory:

Hand Weapons
 h - the +2 quarterstaff "Kuwosmot" (weapon) {freeze, rN+++ Will- rCorr Str-3}
   (You found it on level 5 of the Dungeon)

   Str-3:     It affects your strength (-3).
   rN+++:     It renders you almost immune to negative energy.
   Will-:     It decreases your willpower.
   rCorr:     It protects you from acid and corrosion.
Armour
 a - a +0 leather armour (worn)
Wands
 f - a wand of digging (3)
Scrolls
 b - a scroll of fog
 c - a scroll of revelation
 d - a scroll of fear
 i - a scroll of teleportation {unknown}
 j - a scroll of identify {unknown}
 l - 3 scrolls of blinking {unknown}
Potions
 e - a potion of haste
 g - a potion of mutation {unknown}
 k - 2 potions of cancellation {unknown}


   Skills:
 * Level 3.8 Fighting
 + Level 2.3 Dodging
 - Level 6.0 Stealth
 * Level 3.5 Unarmed Combat


You had 4 spell levels left.
You didn't know any spells.
Your spell library contained the following spells:

 Spells                   Type           Power      Damage    Failure   Level
 Slow                     Hex            0%         N/A       41%         1
 Confusing Touch          Hex            0%         N/A       78%         3
 Sigil of Binding         Hex            0%         N/A       78%         3
 Vampiric Draining        Necr           0%         2d6       78%         3


Dungeon Overview and Level Annotations

Branches:
Dungeon (5/15)
 Temple: D:4-7

Altars:

Shops:
D:5 :


Innate Abilities, Weirdness & Mutations

You have extremely sharp teeth.
Your natural rate of healing is unusually fast.
When hurt, damage is shared between your health and your magic reserves.
Your bite disrupts and absorbs the magic of your enemies.
Potions cannot restore your health.


Message History

You sock the sleepcap! You freeze the sleepcap.
The sleepcap is almost destroyed.
The sleepcap releases spores at you!
* * * LOW HITPOINT WARNING * * *
You take 5 damage, and have 5/25 hp.
You now have 1/5 mp.
You hit the sleepcap. You freeze the sleepcap.
You destroy the sleepcap!
You have reached level 5!
You regained 2 hp, and now have 7/29 hp.
You pick up a book of Debilitation and begin reading...
You add the spells Slow, Sigil of Binding, Vampiric Draining and Confusing Touch to your library.
Health restored: 29; MP restored: 6
k - 2 white potions (gained 1)
l - 3 scrolls labelled QIUDYJIETH You open the door.
There is an open door here.
You open the door.
There is an open door here.
A gnoll comes into view.
It is wielding a +0 flail. 2 gnolls come into view.
The gnoll shouts! x3
The gnoll hits you with a +0 flail.
You take 4 damage, and have 25/29 hp.
You closely miss the gnoll. The gnoll hits you with a +0 flail! x2
You take 11 damage, and have 14/29 hp.
MASSIVE DAMAGE!!
You now have 3/6 mp.
You are too injured to fight recklessly!
You are too injured to fight recklessly!
You are too injured to fight recklessly!
You closely miss the gnoll. The gnoll closely misses you.
The gnoll hits you with a +0 flail. The gnoll hits you with a +0 flail!
* * * LOW HITPOINT WARNING * * *
You take 8 damage, and have 6/29 hp.
MASSIVE DAMAGE!!
You now have 1/6 mp.
You barely miss the gnoll. Your bite misses the gnoll.
The gnoll hits you with a +0 club.
* * * LOW HITPOINT WARNING * * *
You hit the gnoll. You freeze the gnoll.
The gnoll is moderately wounded.
The gnoll closely misses you. The gnoll barely misses you.
The gnoll hits you with a +0 club!
You die...

# #.# ## #.# #. ###.# ..
#.... .. #.#.# . ##
#.#.####...
######.#.g...... #.
#.......@g...... #...
#.####.#g........
#..#.#.
#.#..........#..#.#.
###.######.....#..#.#.
#.................#.#.
#.#.######. ......#.#.
#.#.....# #...#.#.
#.#####.#######.......
.##.##............><..#)


You could see 3 gnolls.

Vanquished Creatures
  An ogre (D:4)
  A sleepcap (D:4)
  An adder (D:4)
  A shadow imp (D:5)
  2 goblins (D:4)
  A hobgoblin (D:4)
  A kobold (D:4)
8 creatures vanquished.

Notes
Turn   | Place    | Note
-------+----------+-------------------------------------------
     0 | D:5      | mparten the Vine Stalker Delver began the quest for the
                  | Orb.
     0 | D:5      | Reached XP level 1. HP: 11/11 MP: 2/2
    18 | D:5      | Identified the +2 quarterstaff "Kuwosmot" {freeze, rN+++
                  | Will- rCorr Str-3}
    30 | D:5      | Found Hurobann's Tremendous Tomes.
    74 | D:5      | Reached XP level 2. HP: 16/16 MP: 1/3
   299 | D:4      | Noticed an ogre
   303 | D:4      | Killed an ogre
   304 | D:4      | Reached XP level 3. HP: 21/21 MP: 4/4
   304 | D:4      | Reached XP level 4. HP: 25/25 MP: 5/5
   352 | D:4      | Reached XP level 5. HP: 7/29 MP: 1/6
   441 | D:4      | Slain by a gnoll

Illustrated notes

Levels and vault maps discovered:
D:4:      layout_basic, serial_shops, kennysheep_mini_moat, minmay_puff
D:5:      layout_rooms, minmay_shop_grid_forest, nicolae_shop_i_like_big_books,
          dk_noncrumbling_3

Skill      XL: |  1  2 |
---------------+-------+-----
Fighting       | 3 |  3.8
Dodging        | 2 |  2.3
Unarmed Combat | 3 |  3.5
Stealth        | |  6.0

Action                     |  1- 3 |  4- 6 || total
---------------------------+-------+-------++-------
  Melee: Unarmed           |    17 |       ||    17
         Bite              |     9 |     2 ||    11
         Punch             |     1 |       ||     1
         Quarterstaff      |     4 |    12 ||    16
   Stab: Sleeping          |     2 |       ||     2
 Armour: Leather armour    |     6 |    13 ||    19
  Dodge: Dodged            |     8 |     8 ||    16
